 Seeded DCSS version 0.28-a0-1184-g53156a8862 (webtiles) character file.

Game seed: 20211218 (custom seed)

3040 a11behringer the Basher (level 9, 0/55 HPs)
             Began as a Gargoyle Berserker on Dec 18, 2021.
             Was a Believer of Trog.
             Slain by Maggie (5 damage)
             ... on level 7 of the Dungeon.
             The game lasted 00:16:36 (7534 turns).

a11behringer the Basher (Gargoyle Berserker)        Turns: 7534, Time: 00:16:37

Health: 0/55       AC: 20    Str: 25    XL:     9   Next: 86%
Magic:  9/9        EV: 13    Int:  8    God:    Trog [**....]
Gold:   374        SH:  0    Dex:  9    Spells: 8/8 levels left

rFire   . . .      SeeInvis .   a - +1 mace
rCold   . . .      Faith    .   (no shield)
rNeg    + + .      Spirit   .   o - +0 chain mail
rPois   ∞          Reflect  .   (no helmet)
rElec   +          Harm     .   q - +1 cloak
rCorr   .          Rampage  .   (no gloves)
Will    .....                   k - +0 pair of boots
Stlth   ..........              (no amulet)
HPRegen 0.18/turn               c - ring of positive energy
MPRegen 0.11/turn               r - +4 ring of evasion

@: mesmerised, hasted, very quick
A: sickness immunity, AC +6, negative energy resistance 1, electricity
resistance, torment resistance 1, petrification resistance
a: Renounce Religion, Berserk, Trog's Hand


You were on level 7 of the Dungeon.
You worshipped Trog.
Trog was pleased with you.
You visited 1 branch of the dungeon, and saw 7 of its levels.

You collected 374 gold pieces.

Inventory:

Hand Weapons
 a - a +1 mace (weapon)
Missiles
 h - 78 arrows
Armour
 b - a +0 animal skin
 j - a +0 ring mail
 k - a +0 pair of boots (worn)
 o - a +0 chain mail (worn)
 q - a +1 cloak (worn)
Jewellery
 c - a ring of positive energy (left hand)
 r - a +4 ring of evasion (right hand)
 w - a ring of positive energy
Wands
 d - a wand of flame (14)
 n - a wand of paralysis (13)
Scrolls
 e - a scroll of fog {unknown}
 s - 5 scrolls of teleportation
 u - 3 scrolls of enchant armour
 v - 2 scrolls of immolation
 x - a scroll of enchant weapon
 y - a scroll of blinking
 z - a scroll of fear
Potions
 f - 3 potions of attraction {unknown}
 i - a potion of flight {unknown}
 m - 2 potions of curing
 t - 2 potions of degeneration {unknown}


   Skills:
 + Level 5.9 Fighting
 * Level 11.0 Maces & Flails
 + Level 7.2 Armour
 + Level 3.0 Dodging


You had 8 spell levels left.
You didn't know any spells.
Your spell library was empty.

Dungeon Overview and Level Annotations

Branches:
Dungeon (7/15)             Temple (0/1) D:7

Altars:
Dithmenos
Gozag
Uskayaw

Shops:
D:3 *   D:5 :

Annotations:
D:7 Maggie


Innate Abilities, Weirdness & Mutations

You are immune to sickness and miasma.
Your stone body is resilient. (AC +6)
You are immune to poison.
You resist negative energy. (rN+)
You are resistant to electric shocks. (rElec)
You are resistant to unholy torment.
You are immune to petrification.


Message History

Maggie casts a spell.
Maggie attempts to bespell you!
You are mesmerised by Maggie!
You hit Maggie.
Maggie is heavily wounded.
You feel the effects of Trog's Hand fading.
Maggie closely misses you.
You closely miss Maggie.
Maggie is heavily wounded.
Maggie hits you with a +6 glaive of venom!
* * * LOW HITPOINT WARNING * * *
You barely miss Maggie.
Maggie is heavily wounded.
Maggie completely misses you.
You hit Maggie.
Maggie is heavily wounded.
Okay, then.
You feel better. Maggie closely misses you.
You feel yourself speed up.
Maggie mumbles some strange words.
Maggie draws you further into her thrall.
You hit Maggie but do no damage.
Maggie is heavily wounded.
Your skin stops crawling.
You feel less strong-willed. Maggie barely misses you.
You hit Maggie.
Maggie is heavily wounded.
Maggie hits you with a +6 glaive of venom!
* * * LOW HITPOINT WARNING * * *
You hit Maggie.
Maggie is severely wounded.
You closely miss Maggie.
Maggie is severely wounded.
Maggie barely misses you.
You hit Maggie.
Maggie is severely wounded.
You barely miss Maggie.
Maggie is severely wounded.
Maggie hits you with a +6 glaive of venom.
You die...

.... ##... #...# ...
... #.# #@# #@# ##.
##'## #.#. # ##...##
#.#.### ##.....##
##.##...
#.......######..##.##
#.........##......#.#.
+.........'.......#.#.
#.(.......##.#...##...
##.......###.##..#'###


You could see Maggie (mesmerising).

Vanquished Creatures
  A two-headed ogre (D:6)
  Grinder (D:6)
  Sigmund (D:2)
  Eustachio (D:6)
  Duvessa (D:5)
  A water moccasin (D:4)
  2 sky beasts
  A black bear (D:6)
  An ogre (D:5)
  Blork the orc (D:5)
  2 bullfrogs
  A wyvern zombie (D:5)
  4 scorpions
  A water moccasin skeleton (D:6)
  Dowan (D:5)
  5 killer bees (D:7)
  A howler monkey (D:6)
  A jelly (D:7)
  A bullfrog skeleton (D:5)
  A centaur skeleton (D:7)
  2 hounds
  3 orc priests
  Ijyb (D:5)
  2 iguanas
  2 orc wizards
  5 adders
  2 shadow imps
  3 white imps
  An adder skeleton (D:4)
  3 worms (D:2)
  4 dart slugs
  14 orcs
  4 bats
  6 endoplasms
  4 giant cockroaches
  4 goblins
  8 hobgoblins
  5 quokkas
  4 ball pythons
  2 frilled lizards
  11 kobolds
  6 rats
125 creatures vanquished.

Vanquished Creatures (others)
  An orc wizard (D:3)
1 creature vanquished.

Grand Total: 126 creatures vanquished

Notes
Turn   | Place    | Note
-------+----------+-------------------------------------------
     0 | D:1      | a11behringer the Gargoyle Berserker began the quest for the
                  | Orb.
     0 | D:1      | Reached XP level 1. HP: 14/14 MP: 1/1
    81 | D:1      | Reached XP level 2. HP: 14/19 MP: 2/2
   979 | D:1      | Reached XP level 3. HP: 22/23 MP: 3/3
  1321 | D:1      | You fall into a shaft and drop 1 floor!
  2135 | D:2      | Reached ** piety under Trog
  2136 | D:2      | Reached skill level 4 in Maces & Flails
  2276 | D:2      | Reached XP level 4. HP: 29/29 MP: 4/4
  2286 | D:2      | Found a faded altar of an unknown god.
  2297 | D:2      | Noticed Sigmund
  2319 | D:2      | Killed Sigmund
  2320 | D:2      | Reached skill level 5 in Maces & Flails
  2320 | D:2      | Reached XP level 5. HP: 8/33 MP: 5/5
  2891 | D:3      | Reached XP level 6. HP: 31/38 MP: 6/6
  3055 | D:3      | Found Foav's General Store.
  3965 | D:4      | Reached skill level 6 in Maces & Flails
  4255 | D:4      | Reached XP level 7. HP: 43/43 MP: 7/7
  4544 | D:4      | Found an opulent altar of Gozag.
  4696 | D:4      | Reached skill level 7 in Maces & Flails
  5019 | D:5      | Entered Level 5 of the Dungeon
  5319 | D:5      | Noticed Blork the orc
  5358 | D:5      | HP: 2/44 [Blork the orc (7)]
  5361 | D:5      | Killed Blork the orc
  5362 | D:5      | Reached XP level 8. HP: 18/48 MP: 8/8
  5706 | D:5      | Noticed Ijyb
  5712 | D:5      | Reached skill level 8 in Maces & Flails
  5721 | D:5      | Found Ismirr's Book Boutique.
  5760 | D:5      | Killed Ijyb
  5832 | D:5      | Noticed Duvessa
  5833 | D:5      | Noticed Dowan
  5845 | D:5      | Killed Duvessa
  5865 | D:5      | Killed Dowan
  5866 | D:5      | Reached skill level 5 in Armour
  5926 | D:5      | Found a shadowy altar of Dithmenos.
  6026 | D:6      | Noticed Eustachio
  6077 | D:6      | Killed Eustachio
  6089 | D:6      | Reached skill level 5 in Fighting
  6304 | D:6      | Reached skill level 9 in Maces & Flails
  6366 | D:6      | Noticed Grinder
  6386 | D:6      | Killed Grinder
  6387 | D:6      | Reached XP level 9. HP: 54/54 MP: 9/9
  6424 | D:6      | Noticed a two-headed ogre
  6445 | D:6      | Killed a two-headed ogre
  6446 | D:6      | Reached skill level 10 in Maces & Flails
  6804 | D:6      | Found a hide-covered altar of Uskayaw.
  7044 | D:7      | Found a staircase to the Ecumenical Temple.
  7215 | D:7      | Reached skill level 11 in Maces & Flails
  7507 | D:7      | Noticed Maggie
  7534 | D:7      | Slain by Maggie

Illustrated notes

Levels and vault maps discovered:
D:1:      sevenhm_arrival_forest_fort_small_4, layout_basic,
          serial_corexii_hall, chequers_hall_statues_wall_a,
          chequers_hall_statues_wall_a, chequers_hall_statues_wall_a,
          corexii_hall_statues_x, corexii_hall_statues_t,
          chequers_hall_statues_wall_a
D:2:      layout_loops_cross, shapermc_ecumenical_altar_rom_forum,
          minmay_misc_feat_plants, uniq_sigmund
D:3:      layout_basic, serial_shops, shop, minmay_misc_feat_chi, st_stairs_14
D:4:      layout_loops_ring, general_overflow_altar
D:5:      layout_rooms, grunt_dithmenos_smoke, serial_shops,
          nicolae_shop_crystal, uniq_ijyb, uniq_blork_the_orc, uniq_duvessa
D:6:      layout_rooms, kennysheep_mini_moat, uniq_grinder, uniq_eustachio
D:7:      layout_loops_corners, mainiacjoe_overflow_swirl,
          minmay_temple_entry_statues, st_stairs_14, uniq_maggie

Skill      XL: |  1  2  3  4  5  6  7  8  9 |
---------------+----------------------------+-----
Maces & Flails | 4 5 6 7 9 11 | 11.0
Fighting       | 4 5 |  5.9
Dodging        | 2 3 |  3.0
Armour         | 3 4 6 7 |  7.2

Action                   |  1- 3 |  4- 6 |  7- 9 || total
-------------------------+-------+-------+-------++-------
Melee: Mace              |   115 |   153 |   401 ||   669
Invok: Trog's Hand       |       |     3 |     7 ||    10
       Berserk           |       |     2 |     7 ||     9
  Use: Scroll            |       |     7 |     6 ||    13
       Potion            |       |       |     6 ||     6
Armor: Animal skin       |    13 |       |       ||    13
       Ring mail         |    30 |    20 |       ||    50
       Chain mail        |       |    71 |   301 ||   372
Dodge: Dodged            |    76 |    89 |   261 ||   426

Table legend: (Time is in decaauts)
 A = Elapsed time spent in this place.
 B = Non-inter-level travel time spent in this place.
 C = Inter-level travel time spent in this place.
 D = Time resting spent in this place.
 E = Time spent auto-exploring this place.
 F = Levels seen in this place.
 G = Mean time per level.
                   A        B        C        D        E       F      G
               +--------+--------+--------+--------+--------+-----+--------+
         Total |   7637 |   7249 |    388 |    259 |   5725 |   7 | 1091.0 |
       Dungeon |   7637 |   7249 |    388 |    259 |   5725 |   7 | 1091.0 |
               +--------+--------+--------+--------+--------+-----+--------+

Top non-repeatable levels by time:
     D:1: 1895 daAuts
     D:4: 1104 daAuts
     D:3: 1070 daAuts
     D:2: 1015 daAuts
     D:5: 973 daAuts
     D:6: 931 daAuts
     D:7: 646 daAuts
